Map: Nightshade LE

Players

Cháncellor - Winner!

  • Race: Protoss Protoss
  • League: Platinum
  • Spawn Location: 5:00

Tunkon

  • Race: Zerg Zerg
  • League: Platinum
  • Spawn Location: 11:00

VOD

Have the link to the VOD?

Description

Time

  • Played on: Jan. 26, 2020, 3:39 p.m.
  • Length: 32:41
Show
View Real Time Build Order
Export as new Build Order

Cháncellor Protoss - Winner!

Build Orders:  

Get SALT Encoding   

  12  0:01  Probe  
  13  0:13  Probe  
  14  0:20  Pylon  
  14  0:25  Probe  
  15  0:38  Gateway  
  15  0:45  Probe  
  15  0:48  Assimilator  
  16  0:55  Assimilator  
  16  0:57  Probe  
  17  1:09  Probe  
  17  1:10  Pylon  
  18  1:26  Cybernetics Core  
  18  1:34  Probe  
  19  1:46  Probe  
  20  1:58  Probe  
  21  2:08  Warp Gate  
  21  2:10  Nexus  
  21  2:12  Pylon  
  21  2:15  Stalker (Chrono Boost)  
  21  2:22  Probe (Chrono Boost)  
  24  2:33  Probe (Chrono Boost)  
  25  2:38  Probe (Chrono Boost)  
  25  2:39  Pylon  
  26  2:45  Adept  
  26  2:50  Probe  
  29  3:05  Probe  
  30  3:12  Robotics Facility  
  30  3:17  Probe  
  31  3:25  Probe  
  32  3:29  Probe  
  32  3:30  Twilight Council  
  33  3:36  Stalker  
  33  3:38  Probe  
  36  3:41  Probe  
  36  3:44  Gateway  
  37  3:50  Probe  
  38  3:56  Probe  
  38  4:01  Pylon  
  38  4:02  Observer, Probe  
  41  4:10  Resonating Glaives  
  41  4:20  Probe x2  
  41  4:23  Assimilator, Gateway  
  43  4:24  Gateway  
  43  4:30  Adept  
  45  4:43  Adept  
  47  4:58  Adept  
  49  5:00  Probe x2  
  51  5:12  Probe x2  
  53  5:16  Gateway  
  53  5:17  Gateway  
  53  5:19  Gateway  
  53  5:21  Adept x4  
  53  5:24  Probe  
  62  5:31  Pylon  
  62  5:35  Pylon  
  62  5:45  Pylon  
  62  5:49  Probe x2  
  64  5:53  Adept x4  
  64  5:54  Observer  
  72  6:02  Probe x2  
  74  6:06  Forge  
  74  6:10  Forge  
  74  6:14  Probe x2  
  76  6:26  Probe  
  76  6:27  Probe  
  78  6:38  Probe  
  78  6:39  Probe  
  80  6:41  Nexus  
  80  6:42  Pylon  
  80  6:46  Pylon  
  80  6:50  Probe  
  73  7:26  Adept x4  
  73  7:27  Adept x3  
  75  7:32  Protoss Ground Armor Level 1, Protoss Ground Weapons Level 1  
  71  7:41  Robotics Bay  
  71  7:46  Probe x2  
  73  7:56  Assimilator  
  74  7:58  Probe x2  
  75  8:10  Assimilator  
  77  8:13  Probe x2 (Chrono Boost)  
  77  8:15  Assimilator  
  77  8:16  Probe (Chrono Boost)  
  78  8:26  Probe (Chrono Boost)  
  81  8:27  Probe x2 (Chrono Boost)  
  81  8:28  Colossus (Chrono Boost)  
  81  8:29  Charge, Extended Thermal Lance  
  81  8:30  Robotics Facility  
  81  8:31  Probe (Chrono Boost)  
  81  8:34  Stalker x7, Probe  
  94  8:35  Probe  
  104  8:42  Probe  
  105  8:55  Probe  
  106  8:59  Nexus  
  106  9:00  Pylon  
  106  9:02  Pylon  
  106  9:04  Pylon  
  106  9:09  Photon Cannon, Probe  
  108  9:10  Probe x2  
  108  9:12  Photon Cannon  
  108  9:16  Photon Cannon  
  109  9:18  Photon Cannon, Colossus (Chrono Boost)  
  109  9:21  Probe  
  109  9:22  Probe  
  117  9:32  Photon Cannon  
  117  9:35  Colossus (Chrono Boost)  
  117  9:36  Photon Cannon  
  117  9:38  Observer  
  123  9:39  Photon Cannon  
  123  9:41  Protoss Ground Weapons Level 2 (Chrono Boost)  
  123  9:42  Protoss Ground Armor Level 2 (Chrono Boost)  
  123  9:51  Zealot x5  
  133  10:03  Colossus (Chrono Boost)  
  144  10:22  Pylon  
  144  10:25  Pylon  
  144  10:26  Colossus (Chrono Boost)  
  144  10:28  Pylon  
  144  10:30  Shield Battery  
  144  10:31  Pylon  
  144  10:32  Shield Battery  
  144  10:33  Shield Battery  
  144  10:34  Pylon  
  144  10:35  Photon Cannon  
  144  10:38  Photon Cannon  
  144  10:42  Photon Cannon  
  144  10:48  Colossus (Chrono Boost)  
  150  10:59  Zealot x3  
  150  11:00  Zealot x4  
  164  11:04  Colossus (Chrono Boost)  
  170  11:21  Sentry x3  
  170  11:22  Sentry  
  170  11:23  Stalker x3  
  184  11:38  Colossus (Chrono Boost)  
  192  11:52  Observer (Chrono Boost)  
  109  12:21  Zealot x4  
  109  12:22  Zealot x3  
  109  12:27  Colossus (Chrono Boost)  
  109  12:28  Colossus (Chrono Boost)  
  109  12:35  Protoss Ground Weapons Level 3  
  109  12:36  Protoss Ground Armor Level 3  
  121  12:46  Assimilator  
  119  12:53  Assimilator  
  117  12:58  Zealot  
  117  12:59  Zealot x6  
  131  13:11  Colossus (Chrono Boost)  
  137  13:20  Stalker x2  
  137  13:21  Stalker x5  
  137  13:24  Immortal (Chrono Boost)  
  155  13:52  Zealot x4  
  155  13:53  Zealot x3  
  169  13:57  Colossus  
  169  13:59  Nexus  
  175  14:03  Pylon  
  175  14:04  Pylon  
  175  14:07  Pylon  
  175  14:09  Pylon  
  175  14:15  Observer  
  175  14:42  Stalker  
  175  14:43  Stalker x5  
  175  14:44  Stalker  
  185  15:37  Protoss Shields Level 1 (Chrono Boost)  
  185  15:41  Immortal x2 (Chrono Boost)  
  193  15:54  Templar Archives  
  193  16:01  Assimilator  
  193  16:03  Assimilator  
  193  16:13  Immortal (Chrono Boost)  
  193  16:46  Immortal (Chrono Boost)  
  157  17:19  Zealot  
  157  17:20  Zealot x6  
  169  17:40  Zealot  
  169  17:41  Zealot x6  
  156  18:03  Stalker x7  
  138  18:18  Warp Prism x2 (Chrono Boost)  
  122  18:27  Stalker x2  
  122  18:28  Stalker x4  
  122  18:29  Stalker  
  116  18:47  Colossus x2  
  128  19:01  Stalker x6  
  128  19:02  Stalker  
  142  19:19  Stargate  
  142  19:21  Stargate  
  138  19:46  Nexus  
  138  19:47  Pylon  
  138  19:50  Pylon  
  138  19:52  Pylon  
  138  19:56  Observer x2  
  140  20:09  Fleet Beacon  
  140  20:13  Stargate  
  140  20:15  Stargate  
  140  20:23  Stargate  
  140  20:51  Assimilator  
  140  20:57  Assimilator  
  140  20:59  Carrier x3 (Chrono Boost)  
  140  21:00  Carrier (Chrono Boost)  
  164  21:11  Nexus  
  164  21:14  Pylon  
  164  21:16  Pylon  
  164  21:18  Pylon  
  164  21:21  Pylon  
  164  21:37  Carrier (Chrono Boost)  
  170  21:40  Cybernetics Core  
  170  21:50  Protoss Air Weapons Level 1 (Chrono Boost)  
  170  22:02  Carrier x2 (Chrono Boost)  
  170  22:03  Carrier (Chrono Boost)  
  170  22:04  Carrier (Chrono Boost)  
  194  22:24  Carrier (Chrono Boost)  
  163  23:30  Carrier x2 (Chrono Boost)  
  163  23:31  Carrier x2 (Chrono Boost)  
  163  23:32  Carrier (Chrono Boost)  
  184  23:58  Protoss Air Armor Level 1 (Chrono Boost)  
  184  23:59  Protoss Air Weapons Level 2 (Chrono Boost)  
  179  24:27  Carrier (Chrono Boost)  
  179  24:28  Carrier (Chrono Boost)  
  197  24:31  Carrier (Chrono Boost)  
  167  25:00  Zealot x4  
  167  25:01  Zealot x3  
  177  25:20  Carrier (Chrono Boost)  
  189  25:21  Carrier (Chrono Boost)  
  189  25:26  Carrier (Chrono Boost)  
  165  26:39  Protoss Air Armor Level 2 (Chrono Boost), Unknown  
  165  26:40  Protoss Air Weapons Level 3 (Chrono Boost)  
  165  26:41  Void Ray x4 (Chrono Boost)  
  185  26:51  Assimilator, Void Ray (Chrono Boost)  
  185  26:52  Assimilator  
  185  27:13  Void Ray (Chrono Boost)  
  185  27:14  Void Ray (Chrono Boost)  
  193  27:41  Void Ray  
  197  28:11  Nexus  
  197  28:12  Pylon  
  197  28:13  Pylon  
  163  29:17  Void Ray x3 (Chrono Boost)  
  163  29:18  Void Ray x2 (Chrono Boost)  
  183  29:53  Void Ray x3  
  195  30:27  Assimilator x2  
  185  31:12  Zealot x3  
  185  31:13  Zealot x4  
  193  31:52  Zealot x3  
Show
View Real Time Build Order
Export as new Build Order

Tunkon Zerg 

Build Orders: Hatch First, Lurkers 

Get SALT Encoding   

  12  0:01  Drone  
  13  0:14  Overlord  
  13  0:17  Drone  
  14  0:34  Drone x2  
  16  0:59  Drone  
  16  1:00  Drone  
  18  1:20  Drone x2  
  18  1:23  Extractor  
  18  1:24  Hatchery  
  18  1:25  Spawning Pool  
  17  1:40  Overlord  
  17  1:41  Drone  
  18  2:02  Drone x2  
  20  2:13  Queen  
  20  2:15  Drone x2  
  24  2:26  Zergling x2  
  25  2:39  Queen, Drone x2  
  29  2:48  Overlord  
  29  2:51  Drone  
  30  2:59  Drone x2  
  30  3:05  Hatchery  
  31  3:11  Overlord  
  31  3:18  Drone  
  32  3:26  Drone  
  33  3:27  Drone x3  
  33  3:29  Overlord  
  33  3:31  Overlord  
  36  3:40  Zergling x2  
  37  3:45  Lair  
  37  3:46  Queen  
  39  3:52  Zergling x4  
  41  4:01  Drone x2  
  41  4:02  Drone x5  
  48  4:05  Extractor  
  48  4:07  Extractor  
  46  4:16  Overlord  
  46  4:17  Overlord  
  46  4:29  Queen  
  46  4:30  Drone x3  
  46  4:31  Drone x3  
  53  4:34  Drone x4  
  58  4:40  Drone  
  58  4:41  Drone  
  59  4:54  Drone x3  
  59  4:58  Queen  
  64  5:01  Overlord x2  
  64  5:11  Drone x6  
  64  5:12  Extractor, Drone x3  
  72  5:30  Drone x3  
  72  5:31  Drone x3  
  72  5:34  Extractor  
  77  5:40  Hydralisk Den  
  76  5:43  Infestation Pit  
  76  5:48  Evolution Chamber  
  76  5:49  Evolution Chamber  
  73  5:52  Drone x4  
  73  5:55  Extractor  
  76  5:58  Overlord x3  
  76  5:59  Overlord x2  
  76  6:24  Muscular Augments  
  76  6:29  Lurker Den  
  76  6:31  Hive  
  76  6:32  Zerg Ground Armor Level 1, Zerg Missile Weapons Level 1  
  75  6:34  Hydralisk x9  
  75  6:35  Hydralisk x3  
  96  6:48  Zergling x8  
  96  6:49  Zergling x10  
  102  6:57  Spine Crawler  
  93  7:02  Spine Crawler  
  93  7:07  Spine Crawler  
  73  7:09  Hydralisk  
  73  7:10  Hydralisk x2  
  68  7:28  Drone x12  
  70  7:33  Queen  
  70  7:35  Queen  
  73  7:42  Hydralisk x3  
  79  7:57  Drone x3  
  82  8:02  Drone x3  
  85  8:06  Seismic Spines  
  85  8:13  Drone x3  
  88  8:24  Hydralisk  
  88  8:25  Hydralisk x5  
  100  8:28  Zergling x4  
  103  8:34  Zergling x4  
  103  8:40  Zerg Missile Weapons Level 2  
  103  8:41  Zerg Ground Armor Level 2  
  104  8:43  Zergling x2  
  104  8:44  Zergling x8  
  104  8:48  Drone x2  
  111  9:08  Hydralisk x9  
  129  9:11  Overlord  
  129  9:12  Overlord x2  
  129  9:13  Overseer x2  
  129  9:14  Overseer  
  129  9:15  Grooved Spines  
  129  9:35  Zergling x10  
  134  9:49  Adaptive Talons  
  134  9:50  Hydralisk x4  
  134  9:51  Hydralisk  
  144  10:04  Hatchery  
  143  10:08  Lurker x3  
  143  10:09  Lurker x2  
  143  10:10  Overlord x2  
  143  10:11  Overlord x6  
  148  10:40  Viper x2  
  154  10:45  Lurker  
  154  10:46  Lurker  
  99  11:55  Hydralisk x9  
  105  12:24  Hydralisk x6  
  114  12:34  Drone x5  
  114  12:35  Drone x2  
  102  12:56  Extractor  
  99  13:00  Extractor  
  99  13:01  Zergling x16  
  106  13:16  Hydralisk  
  106  13:17  Hydralisk x7  
  122  13:47  Viper x2  
  122  13:48  Viper x2  
  128  13:49  Hatchery  
  128  13:50  Lurker x6  
  139  14:01  Queen  
  139  14:19  Hydralisk  
  139  14:20  Hydralisk x13  
  142  15:34  Spire  
  141  15:36  Spire  
  141  15:39  Hydralisk  
  141  15:40  Hydralisk x9  
  160  15:50  Zerg Missile Weapons Level 3  
  160  15:52  Zerg Ground Armor Level 3  
  160  16:29  Hydralisk  
  160  16:30  Hydralisk x12  
  177  16:33  Overlord  
  177  16:48  Corruptor  
  177  16:49  Corruptor x7  
  193  17:00  Lurker  
  193  17:01  Lurker x2  
  168  17:18  Lurker x5  
  168  17:19  Lurker x2  
  168  17:20  Hydralisk  
  168  17:21  Zergling x2, Hydralisk  
  168  17:22  Zergling x10  
  185  17:23  Zergling x2  
  183  17:41  Corruptor x5  
  110  18:14  Hydralisk x6  
  109  18:32  Hatchery  
  109  18:34  Hydralisk x5  
  113  18:45  Hydralisk x3  
  113  18:46  Hatchery  
  118  19:11  Hydralisk x6  
  130  19:40  Hydralisk  
  130  19:41  Hydralisk x3  
  130  19:42  Hydralisk  
  130  19:45  Zergling x10  
  145  20:01  Extractor  
  145  20:02  Extractor  
  143  20:18  Extractor  
  143  20:19  Extractor  
  143  20:20  Queen  
  143  20:21  Queen  
  143  20:23  Drone x2  
  143  20:24  Drone x3  
  143  20:25  Drone  
  151  20:42  Viper  
  154  20:48  Lurker  
  155  21:01  Zergling x18  
  155  21:02  Zergling x14  
  171  21:13  Lurker x2  
  173  21:31  Zerg Melee Weapons Level 1  
  173  21:37  Zerg Flyer Weapons Level 1, Zerg Flyer Armor Level 1  
  173  21:45  Ultralisk Cavern  
  172  21:58  Zergling x2  
  172  21:59  Zergling x28  
  187  22:31  Baneling Nest  
  149  23:15  Drone  
  149  23:16  Drone x16  
  163  23:20  Corruptor  
  163  23:21  Corruptor x6  
  174  24:16  Spore Crawler  
  153  24:17  Spore Crawler x2  
  153  24:20  Spore Crawler x4  
  153  24:22  Spore Crawler  
  153  24:23  Spore Crawler  
  153  24:24  Spore Crawler x2  
  140  24:25  Spore Crawler x3  
  140  24:26  Spore Crawler x2  
  140  24:28  Spore Crawler  
  132  24:43  Corruptor x2  
  132  24:44  Corruptor x7  
  132  24:58  Hydralisk  
  132  25:08  Overlord, Corruptor x3  
  132  25:09  Corruptor  
  139  25:32  Hydralisk  
  139  25:33  Hydralisk x4  
  130  26:06  Hydralisk  
  130  26:07  Hydralisk  
  127  26:35  Viper  
  118  27:36  Viper  
  121  27:43  Queen  
  121  27:44  Queen  
  123  27:45  Zergling x2  
  123  27:46  Zergling x26  
  139  28:17  Viper  
  142  28:20  Hatchery  
  142  28:24  Hatchery  
  140  28:31  Hatchery  
  133  29:02  Zergling x2  
  126  29:03  Zergling x8  
  124  29:47  Viper  
  127  29:55  Drone  
  128  30:25  Drone  
  128  30:26  Drone x5  
  114  32:06  Extractor  
  114  32:08  Viper  
Tags
 
Composition
Lurkers
Matchup
PvZ
Spawn Locations
Cross Positions
Add a new tag
Caveats
  • Supply blocks, unpowered buildings, or Contaminate may cause inaccurate times.
  • Supply counts are checked every 10 seconds.